 Dungeon Crawl Stone Soup version 0.30-b1-2-g02819fbbbe (webtiles) character file.

Game seed: 12160290827157083476

77 manyhoops the Digger (level 3, -2/26 HPs)
             Began as a Demigod Earth Elementalist on Nov 20, 2023.
             Slain by Grinder (3 damage)
             ... while paralysed by Grinder
             ... on level 3 of the Dungeon.
             The game lasted 00:02:03 (2027 turns).

manyhoops the Digger (Demigod Earth Elementalist)   Turns: 2027, Time: 00:02:04

Health: -2/26      AC:  2    Str:  9    XL:     3   Next: 91%
Magic:  7/10       EV:  2    Int: 21    God:
Gold:   174        SH:  0    Dex: 14    Spells: 6/7 levels left

rFire   . . .        o - +0 mace (protect)
rCold   + . .        k - +2 buckler
rNeg    . . .        a - +0 robe
rPois   .            (no helmet)
rElec   .            (no cloak)
rCorr   +            (no gloves)
SInv    .            (no boots)
Will    .....        (no amulet)
Stlth   ++           j - ring of protection from cold
HPRegen 0.24/turn    l - ring of resist corrosion
MPRegen 0.12/turn

%: no passive effects
@: paralysed, very slightly contaminated
A: high MP 1, forlorn, divine attributes
a: no special abilities


You were on level 3 of the Dungeon.
You visited 1 branch of the dungeon, and saw 3 of its levels.

You collected 174 gold pieces.

Inventory:

Hand Weapons
 o - a +0 mace of protection (weapon)
Armour
 a - a +0 robe (worn)
 k - a +2 buckler (worn)
Jewellery
 j - a ring of protection from cold (left hand)
 l - a ring of resist corrosion (right hand)
Scrolls
 c - a scroll of enchant weapon {unknown}
 d - a scroll of enchant armour {unknown}
 e - a scroll of summoning
 g - 4 scrolls of identify {unknown}
 h - a scroll of amnesia {unknown}
 n - a scroll of teleportation {unknown}
 p - a scroll of immolation {unknown}
 q - a scroll of poison {unknown}
Potions
 b - a potion of magic
 f - a potion of resistance {unknown}
 i - a potion of ambrosia {unknown}
 m - 2 potions of heal wounds {unknown}


   Skills:
 - Level 1.7 Dodging
 - Level 1.7 Stealth
 + Level 2.9 Spellcasting
 - Level 0.8 Transmutations
 + Level 3.8 Earth Magic


You had 6 spell levels left.
You knew the following spells:

 Your Spells              Type           Power      Damage    Failure   Level
a - Sandblast             Erth           38%        2d10      4%          1

Your spell library contained the following spells:

 Spells                   Type           Power      Damage    Failure   Level
 Passwall                 Tmut/Erth      10%        N/A       12%         2
 Stone Arrow              Conj/Erth      22%        3d8       28%         3
 Ensorcelled Hibernation  Hex/Ice        6%         N/A       32%         2
 Swiftness                Air            3%         N/A       54%         3
 Petrify                  Tmut/Erth      12%        N/A       63%         4


Dungeon Overview and Level Annotations

Branches:
Dungeon (3/15)

Shops:
D:2 (

Annotations:
D:3 Grinder


Innate Abilities, Weirdness & Mutations

You have an increased reservoir of magic. (+10% MP)
You shall have no god before yourself.
Your divine heritage dramatically boosts your attributes as you level up.


Message History

Press: ? - help, Shift-Dir - straight line, f - Grinder
Aim: Grinder (80% to hit)
You miscast Sandblast.
You are very lightly contaminated with residual magic.
Nothing appears to happen.
Grinder says, "My boss said I was rubbish.
His entrails said otherwise."
Casting: Sandblast (safe; 4% risk of failure)
Confirm with . or Enter, or press ? or * to list all spells.
Aiming: Sandblast (safe; 4% risk of failure)
Press: ? - help, Shift-Dir - straight line, f/p - Grinder
Aim: Grinder (80% to hit)
The blast of sand hits Grinder.
Grinder is lightly wounded.
A bat comes into view.
Grinder closely misses you. x2; You block the orc's attack.
The bat moves out of view.
Casting: Sandblast (safe; 4% risk of failure)
Confirm with . or Enter, or press ? or * to list all spells.
Aiming: Sandblast (safe; 4% risk of failure)
Press: ? - help, Shift-Dir - straight line, f/p - Grinder
Aim: Grinder (lightly wounded, 80% to hit)
The blast of sand hits Grinder!
Grinder is heavily wounded.
The orc closely misses you. Grinder hits you.
Unknown command.
Unknown command.
You closely miss Grinder.
Grinder is heavily wounded.
The orc closely misses you. Grinder gestures at you.
You suddenly lose the ability to move!
Grinder hits you. The frilled lizard barely misses you.
The orc hits you with a +0 club. The orc hits you with a +0 club.
Grinder hits you!
You writhe in agony.
* * * LOW HITPOINT WARNING * * *
The frilled lizard bites you.
* * * LOW HITPOINT WARNING * * *
The orc hits you with a +0 club.
* * * LOW HITPOINT WARNING * * *
Grinder hits you.
You die...

..........##....#..#.##.#
#.#
..........##....##...##.#
#.#
.........######.....##.#
#.# ##########
#.#...#..###.#
###....####+####>......#
.......#.......##.######
.......#.⌠...⌠.##.#
......l#.......#..#
......5@...⌠...'.##
.....bo#.......###
.......#.⌠..)⌠.#
.......#.......#
.......####+#### .......
######. #.


You could see Grinder, an orc, a bat and a frilled lizard.

Vanquished Creatures
  4 adders (D:2)
  A worm (D:3)
  2 dart slugs
  4 endoplasms (D:3)
  A giant cockroach (D:1)
  2 goblins (D:3)
  A hobgoblin (D:1)
  4 jackals (D:1)
  3 ball pythons (D:1)
  4 bats
  2 frilled lizards
  6 kobolds
  2 rats
36 creatures vanquished.

Notes
Turn   | Place    | Note
-------+----------+-------------------------------------------
     0 | D:1      | manyhoops the Demigod Earth Elementalist began the quest
                  | for the Orb.
     0 | D:1      | Reached XP level 1. HP: 14/14 MP: 5/5
   216 | D:1      | Reached skill level 3 in Earth Magic
   333 | D:1      | Reached XP level 2. HP: 20/20 MP: 5/7
  1011 | D:2      | Reached XP level 3. HP: 26/26 MP: 4/9
  1090 | D:2      | Found Voman's Antique Weapon Emporium.
  2020 | D:3      | Noticed Grinder
  2025 | D:3      | Paralysed by Grinder for 5 turns
  2027 | D:3      | HP: 1/26 [orc/+0 club (1)]
  2027 | D:3      | Slain by Grinder

Illustrated notes

Levels and vault maps discovered:
D:1:      dpeg_arrival_boxes_within_box, layout_loops_ring
D:2:      layout_loops_cross, serial_shops, shop
D:3:      layout_basic, nicolae_qazlal_scattered_showers, minmay_fountain_box,
          kennysheep_generic_room_14, uniq_grinder

Skill      XL: |  1 |
---------------+----+-----
Earth Magic    | 3 |  3.8
Spellcasting   | 2 |  2.9
Dodging        | |  1.7
Stealth        | |  1.7
Transmutations | |  0.8

Action                     || total
---------------------------++-------
  Melee: Unarmed           ||    15
         Mace              ||     3
   Cast: Sandblast         ||    49
    Use: Potion            ||     1
         Scroll            ||     2
   Stab: Distracted        ||     1
         Sleeping          ||     1
 Armour: Robe              ||     4
  Dodge: Dodged            ||    29
  Block: Buckler           ||     2
